[Event "Titled Tuesday Blitz December 06 Late 2022"]
[White "Boyer, Mahel"]
[Black "Goroshkov, Maksym"]
[WhiteFideId "45102422"]
[BlackFideId "14142716"]
[WhiteElo "2455"]
[BlackElo "2258"]
[Result "1-0"]
[Round "10"]
[TimeControl "180+1"]
[Date "2022.12.06"]
[WhiteClock "0:00:44"]
[BlackClock "0:00:07"]

1. e4 e5 2. Nf3 d6 3. d4 Bg4 4. dxe5 Nd7 5. h3 Bh5 6. exd6 Bxd6 7. Nc3 Ngf6 8. g4 Bg6 9. Qe2 Qe7 10. Bg5 O-O-O 11. O-O-O h6 12. Bh4 Bf4+ 13. Kb1 Ne5 14. Bg2 Nxf3 15. Qxf3 Be5 16. Nd5 Qc5 17. Nxf6 gxf6 18. Bxf6 Bxf6 19. Qxf6 Rhe8 20. f4 Qf2 21. f5 Qxg2 22. fxg6 fxg6 23. Qxg6 Rxd1+ 24. Rxd1 Qxe4 25. Qxh6 Qf3 26. Qd2 b6 27. Qd3 Re3 28. Qa6+ Qb7 29. Qxb7+ Kxb7 30. Rh1 Rg3 31. h4 Rxg4 32. h5 Rg7 33. h6 Rh7 34. c4 c5 35. Kc2 Kc6 36. Kd3 Kd6 37. Ke4 Ke6 38. a3 a6 39. a4 Kf6 40. Kd5 Kg6 41. Kc6 Rh8 42. h7 Kg7 43. Rg1+ Kf7 44. Rh1 Kg7 45. Kb7 a5 46. b3 Kg6 47. Rg1+ Kf7 48. Rh1 Kg7 49. Ka7 Kg6 50. Rg1+ Kf7 51. Rh1 Kg7 52. Kxb6 Rb8+ 53. Kc7 Rh8 54. Kb7 Kf7 55. Kb6 Kg7 56. Rg1+ Kf7 57. Rh1 Kg7 58. Kxc5 Rc8+ 59. Kb6 Kh8 60. Rh3 Ra8 61. Kb7 Rf8 62. c5 Rf4 63. Rh6 Rf3 64. Rb6 Kxh7 65. c6 Kh8 66. c7 Rf6 67. c8=Q+ Kh7 68. Rxf6 Kg7 69. Qf8+ Kh7 70. Rh6# 1-0


[Site "https://www.chess.com"]

[Event "Titled Tuesday Blitz December 06 Late 2022"]
[White "Castellanos Gomez, Alejandro"]
[Black "Przybylski, Wojciech"]
[WhiteFideId "22284141"]
[BlackFideId "1117599"]
[WhiteElo "2168"]
[BlackElo "2217"]
[Result "0-1"]
[Round "10"]
[TimeControl "180+1"]
[Date "2022.12.07"]
[WhiteClock "0:00:01"]
[BlackClock "0:01:11"]

1. d4 Nf6 2. Nf3 e6 3. e3 b6 4. Bd3 Bb7 5. O-O c5 6. c4 cxd4 7. exd4 Be7 8. Nc3 O-O 9. a4 Nc6 10. d5 Nb4 11. d6 Bxd6 12. Bxh7+ Kxh7 13. Qxd6 Nc6 14. Ng5+ Kg8 15. Qg3 Ne7 16. Nb5 Nf5 17. Qh3 a6 18. Nc3 Qc7 19. f3 Qxc4 20. Nce4 Bxe4 21. fxe4 Qd4+ 22. Kh1 Nh6 23. Be3 Qxb2 24. Rab1 Qe5 25. Nf3 Qh5 26. Qg3 Nxe4 27. Qe1 Ng4 28. Bg1 f5 29. Rxb6 d5 30. Rxe6 f4 31. Rxe4 dxe4 32. Qxe4 Rae8 33. Qc4+ Kh8 34. Qxa6 Rf5 35. Qc6 Rf6 36. Qd7 Re2 37. a5 Ne5 38. Qc8+ Kh7 39. Nxe5 Qxe5 40. Qh3+ Rh6 41. Qd3+ Rg6 42. a6 Rxg2 43. Qh3+ Kg8 44. Qc8+ Kf7 45. Qd7+ Kf6 46. Qc6+ Kf5 0-1


[Site "https://www.chess.com"]

[Event "Titled Tuesday Blitz December 06 Late 2022"]
[White "Chigaev, Maksim"]
[Black "Bazeev, German"]
[WhiteFideId "4108116"]
[BlackFideId "24119350"]
[WhiteElo "2542"]
[BlackElo "2501"]
[Result "1-0"]
[Round "10"]
[TimeControl "180+1"]
[Date "2022.12.06"]
[WhiteClock "0:01:15"]
[BlackClock "0:00:19"]

1. Nf3 d5 2. c4 c6 3. g3 Nf6 4. Bg2 g6 5. O-O Bg7 6. d4 dxc4 7. Nc3 O-O 8. e4 b5 9. Qe2 b4 10. Na4 Ba6 11. Rd1 Bb5 12. Nc5 Nfd7 13. e5 e6 14. Ne4 Nb6 15. Bg5 Qc7 16. Nf6+ Kh8 17. Qe4 N8d7 18. Qh4 Bxf6 19. Bxf6+ Nxf6 20. exf6 Nd7 21. a4 bxa3 22. bxa3 Qd8 23. a4 Ba6 24. Ne5 Nxe5 25. dxe5 Qa5 26. Qh6 Rg8 27. Rd4 1-0


[Site "https://www.chess.com"]

[Event "Titled Tuesday Blitz December 06 Late 2022"]
[White "Clawitter, Craig"]
[Black "Rian, Kapriaga"]
[WhiteFideId "2023105"]
[BlackFideId "7103263"]
[WhiteElo "2199"]
[BlackElo "2243"]
[Result "0-1"]
[Round "10"]
[TimeControl "180+1"]
[Date "2022.12.07"]
[WhiteClock "0:00:06"]
[BlackClock "0:00:14"]

1. e4 c6 2. Nf3 d5 3. e5 c5 4. d4 Bg4 5. dxc5 e6 6. c3 Bxf3 7. Qxf3 Bxc5 8. b4 Be7 9. Qg3 g6 10. h4 h5 11. Bd3 Nh6 12. Bxg6 fxg6 13. Qxg6+ Nf7 14. Na3 Qd7 15. Bf4 Nc6 16. g3 Bf8 17. O-O O-O-O 18. Rfe1 Bh6 19. Bxh6 Rxh6 20. Qg7 Rhh8 21. Nb5 Nfxe5 22. Nxa7+ Nxa7 23. Qxe5 Rde8 24. Red1 Qc7 25. Qe3 Kb8 26. Rac1 Nc8 27. c4 Qb6 28. Qxb6 Nxb6 29. cxd5 Nxd5 30. a3 Rc8 31. Kg2 Rhf8 32. Rxc8+ Rxc8 33. Re1 Rc6 34. Re5 Nf6 35. f3 Kc8 36. Kf2 Kd7 37. Ke3 Rc3+ 38. Kf4 Rxa3 39. Kg5 Rxf3 40. Rb5 Nd5 41. Rxb7+ Kc6 42. Rh7 Rxg3+ 43. Kxh5 Nf6+ 44. Kh6 Nxh7 45. Kxh7 Rh3 46. b5+ Kxb5 47. Kg8 Rxh4 48. Kf7 Re4 0-1


[Site "https://www.chess.com"]

[Event "Titled Tuesday Blitz December 06 Late 2022"]
[White "Cuevas Araya, Walter"]
[Black "D`Arruda, Ricardo D."]
[WhiteFideId "3405028"]
[BlackFideId "100692"]
[WhiteElo "1957"]
[BlackElo "2453"]
[Result "1/2-1/2"]
[Round "10"]
[TimeControl "180+1"]
[Date "2022.12.07"]
[WhiteClock "0:00:29"]
[BlackClock "0:00:08"]

1. e4 c5 2. b4 cxb4 3. a3 bxa3 4. Bxa3 e6 5. Bxf8 Kxf8 6. d4 d5 7. e5 g6 8. Nf3 Kg7 9. h4 h6 10. Bd3 Ne7 11. Qd2 Nbc6 12. h5 g5 13. Nc3 Nf5 14. Nb5 Qb6 15. Bxf5 exf5 16. Nd6 f6 17. O-O Qc7 18. Rfe1 Bd7 19. exf6+ Kxf6 20. Nb5 Qf4 21. Qxf4 gxf4 22. Ne5 Nxe5 23. dxe5+ Ke7 24. Nc7 Rac8 25. Nxd5+ Kf7 26. Nxf4 Bc6 27. Rxa7 Rhd8 28. c4 Rd4 29. e6+ Kf6 30. g3 Rxc4 31. e7 Re4 32. Rxe4 fxe4 33. Ng6 Kg5 34. Ne5 Bd5 35. Ra5 Be6 36. Nc6+ Kf6 37. Nd8 Kxe7 38. Nxb7 Bg4 39. Re5+ Kd7 40. Rxe4 Bf3 41. Re1 Bxb7 42. Kh2 Bf3 43. Kh3 Rc4 44. Re3 Bg4+ 45. Kg2 Be6 46. Re2 Kd6 47. f3 Bd5 48. g4 Rc3 49. Rf2 Ke5 50. Kg3 Kf6 51. Rf1 Kg5 52. Rf2 Rd3 53. Rf1 Be4 54. Kg2 Bd5 55. Kg3 Bc6 56. Rf2 Bd5 57. Rf1 1/2-1/2


[Site "https://www.chess.com"]

[Event "Titled Tuesday Blitz December 06 Late 2022"]
[White "Da Silva Junior, Sediney Mari"]
[Black "Lewicki, Miroslaw"]
[WhiteFideId "2132079"]
[BlackFideId "1113380"]
[WhiteElo "1996"]
[BlackElo "2191"]
[Result "1-0"]
[Round "10"]
[TimeControl "180+1"]
[Date "2022.12.06"]
[WhiteClock "0:00:06"]
[BlackClock "0:00:02"]

1. e4 c5 2. c3 d6 3. d4 cxd4 4. cxd4 Nf6 5. Nc3 g6 6. Nf3 Bg7 7. Bc4 O-O 8. O-O a6 9. h3 b5 10. Bb3 Bb7 11. Re1 Nc6 12. Bg5 Na5 13. Bc2 h6 14. Bh4 g5 15. Bg3 Nh5 16. Bh2 Nf4 17. Bxf4 gxf4 18. e5 dxe5 19. Nxe5 Qd6 20. Qd3 Rfd8 21. Qh7+ Kf8 22. Rad1 Rac8 23. Bg6 Qf6 24. Bxf7 e6 25. Ne4 Bxe4 26. Rxe4 Rd5 27. Qg8+ Ke7 28. Qxc8 Qf5 29. Rde1 Bxe5 30. Rxe5 Rxe5 31. Qe8+ Kd6 32. dxe5+ Kc5 33. Qxe6 Qc2 34. Qd6# 1-0


[Site "https://www.chess.com"]

[Event "Titled Tuesday Blitz December 06 Late 2022"]
[White "Domingo Nunez, Ruben"]
[Black "Maksimovic, Bojan"]
[WhiteFideId "22245570"]
[BlackFideId "14408120"]
[WhiteElo "2406"]
[BlackElo "2462"]
[Result "0-1"]
[Round "10"]
[TimeControl "180+1"]
[Date "2022.12.06"]
[WhiteClock "0:02:54"]
[BlackClock "0:02:19"]

1. b3 Nf6 2. Bb2 g6 3. g4 Bg7 4. g5 Nh5 5. Bxg7 Nxg7 6. h4 h6 7. Bg2 hxg5 8. hxg5 Rxh1 9. Bxh1 e5 10. Nf3 e4 11. Nd4 Qxg5 12. Kf1 d5 13. Nb5 Bh3+ 0-1


[Site "https://www.chess.com"]

[Event "Titled Tuesday Blitz December 06 Late 2022"]
[White "Drozdowski, Kacper"]
[Black "Sarana, Alexey"]
[WhiteFideId "1136720"]
[BlackFideId "24133795"]
[WhiteElo "2486"]
[BlackElo "2708"]
[Result "0-1"]
[Round "10"]
[TimeControl "180+1"]
[Date "2022.12.06"]
[WhiteClock "0:00:09"]
[BlackClock "0:00:06"]

1. e4 c5 2. Nf3 d6 3. d4 cxd4 4. Nxd4 Nf6 5. f3 Nc6 6. c4 Qb6 7. Nc2 e6 8. Nc3 Be7 9. Rb1 O-O 10. Be3 Qc7 11. Qd2 Rd8 12. Be2 d5 13. cxd5 exd5 14. exd5 Be6 15. Nb5 Qe5 16. d6 Bxd6 17. Nxd6 Rxd6 18. Qc3 Bxa2 19. Ra1 Qxc3+ 20. bxc3 Be6 21. Kf2 Nd5 22. Bc5 Rdd8 23. Ra3 b6 24. Bb5 Rac8 25. Bxc6 Rxc6 26. Bd4 Rd7 27. g4 f6 28. h4 Rdc7 29. Re1 Kf7 30. g5 Nxc3 31. Bxc3 Rxc3 32. Rxc3 Rxc3 33. Nd4 Bd7 34. gxf6 Kxf6 35. Re4 a5 36. Rf4+ Ke7 37. Re4+ Kd6 38. Ne2 Rc2 39. Ke3 a4 40. Rd4+ Kc7 41. Nf4 Bc6 42. Ne6+ Kb8 43. Rb4 Kb7 44. Nd4 Ra2 45. h5 Be8 46. Nf5 Bxh5 47. Nxg7 Ka6 48. Nxh5 Ka5 49. Rb1 a3 50. Nf4 Rb2 51. Ra1 Ka4 52. Nd3 Rh2 53. Kd4 Rc2 54. f4 b5 55. f5 b4 56. Nc5+ Kb5 57. Nb3 Rc3 58. Nd2 Rc2 59. Kd3 Rc3+ 60. Kd4 Rc6 61. Rb1 Ka4 62. Ra1 Rc2 63. Kd3 Rc6 64. Ne4 b3 65. f6 b2 66. Rf1 Rc8 67. Nc3+ Kb3 68. Nb1 a2 69. Nd2+ Ka3 70. Nc4+ Rxc4 71. Kxc4 b1=Q 72. Rf3+ Ka4 73. f7 Qb4+ 74. Kd5 a1=Q 75. f8=Q Qad4+ 76. Ke6 Qe4+ 77. Kd7 Qbb7+ 78. Kd8 Qed5+ 79. Ke8 Qdd7# 0-1


[Site "https://www.chess.com"]

[Event "Titled Tuesday Blitz December 06 Late 2022"]
[White "Eljanov, Pavel"]
[Black "Pakleza, Zbigniew"]
[WhiteFideId "14102951"]
[BlackFideId "1119290"]
[WhiteElo "2598"]
[BlackElo "2410"]
[Result "1-0"]
[Round "10"]
[TimeControl "180+1"]
[Date "2022.12.06"]
[WhiteClock "0:01:00"]
[BlackClock "0:00:51"]

1. e4 d6 2. d4 Nf6 3. Nc3 c6 4. h3 b5 5. a3 e5 6. Nge2 Bb7 7. g4 a5 8. Ng3 h5 9. gxh5 exd4 10. Qxd4 Nxh5 11. Nxh5 Rxh5 12. Be2 Rh4 13. Rg1 Qf6 14. Qb6 Bc8 15. Bg5 Nd7 16. Qxc6 1-0


[Site "https://www.chess.com"]

[Event "Titled Tuesday Blitz December 06 Late 2022"]
[White "Erzhanov, Arman"]
[Black "Ferriz Barrios, Andres"]
[WhiteFideId "4138821"]
[BlackFideId "5104467"]
[WhiteElo "2176"]
[BlackElo "2263"]
[Result "1/2-1/2"]
[Round "10"]
[TimeControl "180+1"]
[Date "2022.12.07"]
[WhiteClock "0:00:09"]
[BlackClock "0:00:57"]

1. e4 e6 2. d4 d5 3. Nd2 dxe4 4. Nxe4 Nd7 5. Bd3 Ngf6 6. Qe2 b6 7. Nf3 Bb7 8. Bg5 Be7 9. Ng3 O-O 10. O-O-O Nd5 11. Bd2 Nb4 12. Bxb4 Bxb4 13. Kb1 a5 14. h4 a4 15. Ne5 a3 16. Be4 Bxe4 17. Nxe4 Nxe5 18. dxe5 Qe7 19. b3 Rfd8 20. h5 h6 21. g3 c5 22. Nd6 c4 23. Nxc4 Qc5 24. Qe3 Qc6 25. c3 b5 26. cxb4 bxc4 27. Rc1 Qb7 28. Rhe1 Qxb4 29. Rxc4 Qb7 30. Rec1 Rab8 31. Qc3 Qg2 32. Qe3 Rb7 33. Rc8 Rd7 34. Rxd8+ Rxd8 35. Qf4 Qd5 36. Qe3 Qg2 37. Qf4 Qd5 38. Qe3 Qg2 1/2-1/2


[Site "https://www.chess.com"]

[Event "Titled Tuesday Blitz December 06 Late 2022"]
[White "Fernandez De La Vara, Arnaldo"]
[Black "Haszon, David"]
[WhiteFideId "3518388"]
[BlackFideId "733610"]
[WhiteElo "2387"]
[BlackElo "2210"]
[Result "1-0"]
[Round "10"]
[TimeControl "180+1"]
[Date "2022.12.07"]
[WhiteClock "0:00:05"]
[BlackClock "0:00:02"]

1. Nf3 c5 2. b3 Nc6 3. Bb2 Nf6 4. c4 d5 5. cxd5 Nxd5 6. g3 Bg4 7. Bg2 Qd7 8. O-O f6 9. d4 e6 10. Nbd2 Be7 11. dxc5 Bxc5 12. a3 O-O 13. b4 Be7 14. Qb3 a6 15. Rfd1 Kh8 16. h3 Bh5 17. Ne4 Bf7 18. Rac1 Rfd8 19. Nc3 Qe8 20. Nxd5 Rxd5 21. Rxd5 exd5 22. Nd4 Qd7 23. Nxc6 bxc6 24. Qa4 Be8 25. e4 dxe4 26. Bxe4 Qd2 27. Qb3 Rc8 28. Qe6 Qd7 29. Qc4 Qxh3 30. Qxa6 Qe6 31. Qd3 Rd8 32. Qc2 h5 33. Bxc6 Rc8 34. b5 h4 35. Qe4 Qxe4 36. Bxe4 Rxc1+ 37. Bxc1 Bxb5 38. gxh4 f5 39. Bxf5 Bxh4 40. Kg2 Kg8 41. Bc2 Bc6+ 42. f3 Kf7 43. a4 Bd8 44. Bd2 Ke6 45. a5 Bb5 46. Kg3 Bf6 47. Kg4 Kd5 48. Bb3+ Kc5 49. Kf5 Be2 50. f4 Bd3+ 51. Ke6 Kb5 52. Kd7 Ka6 53. Ke8 Bg6+ 54. Kf8 Bf5 55. Be1 g6 56. Bd1 Bd4 57. Kf7 Be3 58. Bb3 Bxf4 59. Ke7 Ka7 60. Bc4 Be3 61. Bc3 g5 62. Kf6 Be4 63. Be2 Bg2 64. Ke5 Bf4+ 65. Kf5 Bh3+ 66. Kf6 Be3 67. Ke5 Bf4+ 68. Ke4 Bd7 69. Bd4+ Kb7 70. a6+ Ka8 71. Kd5 Bc8 72. Kc6 g4 73. Kb6 Bf5 74. Bc4 Be4 75. Be6 g3 76. Bc8 g2 77. Bb7+ Bxb7 78. axb7+ Kb8 79. Ka6 Bc7 80. Ba7# 1-0


[Site "https://www.chess.com"]

[Event "Titled Tuesday Blitz December 06 Late 2022"]
[White "Figorito, Nick"]
[Black "Joubert, Dantelle"]
[WhiteFideId "30923689"]
[BlackFideId "14310813"]
[WhiteElo "2379"]
[BlackElo "1507"]
[Result "1-0"]
[Round "10"]
[TimeControl "180+1"]
[Date "2022.12.07"]
[WhiteClock "0:00:24"]
[BlackClock "0:00:06"]

1. Nf3 d5 2. g3 c6 3. Bg2 g6 4. O-O Bg7 5. d4 Nf6 6. Nbd2 O-O 7. c4 Nbd7 8. b3 Re8 9. Bb2 a5 10. a3 Qb6 11. Re1 Nf8 12. e3 Bg4 13. h3 Bxf3 14. Bxf3 N8d7 15. Bg2 e5 16. dxe5 Nxe5 17. Bxe5 Rxe5 18. Nf3 Ree8 19. Qc2 Ne4 20. Nd4 c5 21. Nb5 Bxa1 22. Rxa1 dxc4 23. bxc4 Nf6 24. Rb1 Re7 25. Nc3 Qd6 26. Bxb7 Rb8 27. Bd5 Rxb1+ 28. Qxb1 Nxd5 29. Nxd5 Re6 30. Qb5 Re5 31. Qxa5 Rxd5 32. Qa8+ Kg7 33. Qxd5 Qb6 34. Kg2 Qa5 35. Qd3 Qa8+ 36. e4 f5 37. Qd5 Qxa3 38. exf5 gxf5 39. Qxf5 Qb4 40. Qg5+ Kf7 41. Qd5+ Kg7 42. h4 h6 43. h5 Qa3 44. Qf5 Qb4 45. Qg6+ Kf8 46. Qxh6+ Ke7 47. Qg7+ 1-0


[Site "https://www.chess.com"]

[Event "Titled Tuesday Blitz December 06 Late 2022"]
[White "Floresvillar Gonzalez, Luis Migu"]
[Black "Burke, Paul"]
[WhiteFideId "5100542"]
[BlackFideId "2605767"]
[WhiteElo "2040"]
[BlackElo "1885"]
[Result "1-0"]
[Round "10"]
[TimeControl "180+1"]
[Date "2022.12.07"]
[WhiteClock "0:02:03"]
[BlackClock "0:01:57"]

1. e4 e5 2. Nf3 Nc6 3. d4 exd4 4. Bc4 Be7 5. c3 d6 6. cxd4 Nf6 7. Nc3 O-O 8. d5 Ne5 9. Nxe5 dxe5 10. O-O a6 11. Be3 b5 12. Bd3 Ng4 13. Bd2 f5 14. h3 fxe4 15. Bxe4 Nf6 16. d6 Nxe4 17. dxe7 Nxc3 18. exf8=Q+ 1-0


[Site "https://www.chess.com"]

[Event "Titled Tuesday Blitz December 06 Late 2022"]
[White "Gasparyan, David"]
[Black "Sukandar, Irine Kharisma"]
[WhiteFideId "13311980"]
[BlackFideId "7101937"]
[WhiteElo "2391"]
[BlackElo "2301"]
[Result "1-0"]
[Round "10"]
[TimeControl "180+1"]
[Date "2022.12.07"]
[WhiteClock "0:00:04"]
[BlackClock "0:00:01"]

1. e3 e5 2. c4 Nf6 3. Qc2 Be7 4. a3 O-O 5. d3 d5 6. cxd5 Nxd5 7. Nf3 Nc6 8. Be2 Be6 9. O-O Kh8 10. Nc3 f5 11. b4 a6 12. Nxd5 Bxd5 13. Bb2 Bf6 14. e4 Be6 15. Rad1 Qe8 16. d4 fxe4 17. Qxe4 Bb3 18. Rd2 exd4 19. Qf5 Be6 20. Qc5 Rd8 21. Rfd1 Bb3 22. Re1 Rd5 23. Qc1 Qd8 24. Bd3 Rh5 25. Rde2 Bd5 26. Qf4 Be7 27. Qg4 Bxf3 28. Qg3 Rg5 29. Qh3 Rxg2+ 30. Kf1 Bxe2+ 31. Rxe2 Rgxf2+ 32. Rxf2 Rxf2+ 33. Kxf2 Qf8+ 34. Ke2 h6 35. Qh5 Qf6 36. Bc1 Qe6+ 37. Kd1 Bd6 38. Bf5 Qb3+ 39. Bc2 Qe6 40. Bf5 Qf6 41. Qe8+ Bf8 42. Qe4 Ne5 43. Bf4 Nc4 44. Ke2 Ne3 45. Bxe3 dxe3 46. Kxe3 Qg5+ 47. Kf3 Qf6 48. Kg2 Bd6 49. Qe8+ Bf8 50. Qe4 g5 51. Bg4 Qb2+ 52. Be2 Qf6 53. Bd3 Qc6 54. Qxc6 bxc6 55. Bxa6 c5 56. bxc5 Bxc5 57. a4 Kg7 58. Bb7 Kf6 59. a5 Ke5 60. a6 Kd6 61. Kh3 h5 62. Bc8 c6 63. Kg2 Kc7 64. Bb7 Bd4 65. h3 c5 66. Kf3 c4 67. Ke4 Bf2 68. Kf3 Bc5 69. Ke2 c3 70. Kd3 Bd4 71. Be4 Be5 72. a7 1-0


[Site "https://www.chess.com"]

[Event "Titled Tuesday Blitz December 06 Late 2022"]
[White "Gutkin, Ilya"]
[Black "Rorrer, Grayson"]
[WhiteFideId "16203470"]
[BlackFideId "30944996"]
[WhiteElo "2265"]
[BlackElo "2200"]
[Result "0-1"]
[Round "10"]
[TimeControl "180+1"]
[Date "2022.12.07"]
[WhiteClock "0:00:03"]
[BlackClock "0:01:40"]

1. Nf3 Nf6 2. g3 d5 3. Bg2 c6 4. c4 Bg4 5. O-O e6 6. d4 Be7 7. h3 Bh5 8. Ne5 Nbd7 9. cxd5 exd5 10. f4 h6 11. g4 Bg6 12. Nxg6 fxg6 13. Qc2 Kf7 14. Nc3 Re8 15. e4 dxe4 16. Nxe4 Kg8 17. Qb3+ Kh8 18. Qxb7 Nxe4 19. Bxe4 Nc5 20. dxc5 Bxc5+ 21. Kh1 Rxe4 22. Qxc6 Qd3 23. Qxc5 Qxf1+ 24. Kh2 Re2+ 25. Kg3 Rg2+ 26. Kh4 Qe1+ 27. Qf2 Qxf2# 0-1


[Site "https://www.chess.com"]

[Event "Titled Tuesday Blitz December 06 Late 2022"]
[White "Harshavardhan G B"]
[Black "Melikyan, Gnel"]
[WhiteFideId "25059009"]
[BlackFideId "54109990"]
[WhiteElo "2323"]
[BlackElo "2138"]
[Result "1-0"]
[Round "10"]
[TimeControl "180+1"]
[Date "2022.12.06"]
[WhiteClock "0:00:18"]
[BlackClock "0:00:02"]

1. d4 d6 2. c4 Nf6 3. Nc3 e5 4. Nf3 Nc6 5. e4 Bg4 6. d5 Nd4 7. Be3 c5 8. dxc6 Nxc6 9. Be2 Be7 10. O-O O-O 11. h3 Bh5 12. Qd2 Bg6 13. Bd3 Nb4 14. Bb1 Qc8 15. a3 Na6 16. Rc1 Nc5 17. Bxc5 Qxc5 18. b4 Qc6 19. Nd5 Nxd5 20. exd5 Qa4 21. Bxg6 hxg6 22. c5 Rac8 23. Qe3 Qb5 24. cxd6 Bxd6 25. Qxa7 Rxc1+ 26. Rxc1 Qxd5 27. Qe3 e4 28. Nd2 Re8 29. Nc4 Bb8 30. Qd2 Qxd2 31. Nxd2 Bf4 32. Rc2 Rd8 33. Nf1 Rd3 34. g3 Be5 35. a4 Bc3 36. b5 Ba5 37. Rc8+ Kh7 38. Rb8 b6 39. Rb7 f5 40. Ne3 Rd4 41. h4 Rxa4 42. h5 Rb4 43. Kg2 Rxb5 44. hxg6+ Kxg6 45. Nc4 Rc5 46. Nd6 Rc6 47. Rd7 Bb4 48. Nb5 Rc5 49. Nd4 Rc4 50. Ne6 Bc3 51. Nf4+ Kg5 52. Rd6 Bf6 53. Rxb6 Rc2 54. Re6 Kh6 55. Nd5 Kg5 56. Nf4 Kg4 57. Nh3 Bd4 58. Rg6+ Kh5 59. Nf4# 1-0


[Site "https://www.chess.com"]

[Event "Titled Tuesday Blitz December 06 Late 2022"]
[White "Hernandez Jimenez, Alexander Andres"]
[Black "Bongo Akanga Ndjila, Barthelemy"]
[WhiteFideId "3900452"]
[BlackFideId "10609431"]
[WhiteElo "2098"]
[BlackElo "1768"]
[Result "1-0"]
[Round "10"]
[TimeControl "180+1"]
[Date "2022.12.07"]
[WhiteClock "0:01:09"]
[BlackClock "0:01:01"]

1. e4 c6 2. d4 d5 3. e5 Bf5 4. Nf3 e6 5. Be2 Ne7 6. O-O h6 7. c4 Nd7 8. cxd5 Nxd5 9. Nc3 g5 10. Nxd5 cxd5 11. Bd3 Bxd3 12. Qxd3 Bg7 13. Be3 Qb6 14. Rfc1 O-O 15. Qa3 Rfc8 16. h3 Bf8 17. Qa4 Qd8 18. Nd2 Nb6 19. Qa5 Nc4 20. Nxc4 Rxc4 21. Qb5 Rb4 22. Qe2 a6 23. b3 Rb6 24. h4 Be7 25. hxg5 Bxg5 26. f4 Be7 27. Rc3 Rc8 28. Rac1 Rbc6 29. Rxc6 bxc6 30. Qh5 Kg7 31. f5 Bg5 32. f6+ Kf8 33. Bxg5 hxg5 34. Qh8# 1-0


[Site "https://www.chess.com"]

[Event "Titled Tuesday Blitz December 06 Late 2022"]
[White "Jaskolka, Tomasz"]
[Black "Kaganskiy, Gleb"]
[WhiteFideId "1170791"]
[BlackFideId "4132025"]
[WhiteElo "2126"]
[BlackElo "2165"]
[Result "0-1"]
[Round "10"]
[TimeControl "180+1"]
[Date "2022.12.07"]
[WhiteClock "0:00:12"]
[BlackClock "0:00:08"]

1. e4 e6 2. d4 d5 3. Nc3 Bb4 4. e5 c5 5. a3 Bxc3+ 6. bxc3 Ne7 7. Qg4 Qc7 8. Qxg7 Rg8 9. Qxh7 cxd4 10. Ne2 Nbc6 11. f4 dxc3 12. Qd3 Bd7 13. Nxc3 a6 14. Bd2 Nf5 15. g3 O-O-O 16. Bg2 Na5 17. O-O Nc4 18. Rfb1 Nxd2 19. Qxd2 Qc5+ 20. Kf1 Ne3+ 21. Kg1 Ng4+ 22. Kf1 Ne3+ 23. Kg1 Nd1+ 24. Kf1 Nxc3 25. Rb3 d4 26. Rxb7 Bc6 27. Rb3 Bxg2+ 28. Qxg2 Qd5 29. Qxd5 Rxd5 30. Kg2 Rb5 31. Rxb5 axb5 32. h4 Kc7 33. Kf3 Kc6 34. h5 Kd5 35. g4 Ne4 36. h6 Nd2+ 37. Kg3 Nc4 38. g5 Ke4 39. Re1+ Kf5 40. Rb1 Nxa3 41. Rb3 Nxc2 42. Rb4 d3 43. Rb3 Rd8 44. h7 d2 45. h8=Q Rxh8 46. Rd3 b4 47. Rxd2 b3 48. Rd1 Rb8 49. Kf3 b2 50. Rd7 Rb3+ 51. Kf2 b1=Q 52. Rxf7+ Ke4 53. Rf6 Qe1+ 54. Kg2 Qe2+ 55. Kh1 Rb1# 0-1


[Site "https://www.chess.com"]

[Event "Titled Tuesday Blitz December 06 Late 2022"]
[White "Jimenez Almeida, Luis David"]
[Black "Sargsyan, Anna M."]
[WhiteFideId "22242244"]
[BlackFideId "13308130"]
[WhiteElo "2158"]
[BlackElo "2284"]
[Result "0-1"]
[Round "10"]
[TimeControl "180+1"]
[Date "2022.12.07"]
[WhiteClock "0:01:56"]
[BlackClock "0:02:00"]

1. e4 c6 2. Nc3 d5 3. Qf3 Nf6 4. e5 Nfd7 5. d4 e6 6. Nh3 h6 7. Qg3 c5 8. dxc5 Nc6 9. f4 Nxc5 10. Bd2 d4 11. Nb5 Ne4 12. Qd3 Nxd2 13. Qxd2 a6 14. Nd6+ Bxd6 15. exd6 Qxd6 16. Bd3 O-O 17. O-O-O e5 18. f5 Qd5 19. Kb1 e4 20. Nf4 Qxf5 21. g4 Qe5 22. Bc4 e3 0-1


[Site "https://www.chess.com"]

[Event "Titled Tuesday Blitz December 06 Late 2022"]
[White "Kavutskiy, Konstantin"]
[Black "Khandelwal, Ankush"]
[WhiteFideId "2026384"]
[BlackFideId "413470"]
[WhiteElo "2386"]
[BlackElo "2271"]
[Result "1-0"]
[Round "10"]
[TimeControl "180+1"]
[Date "2022.12.07"]
[WhiteClock "0:01:08"]
[BlackClock "0:00:03"]

1. d4 Nf6 2. Bg5 d5 3. Nd2 c6 4. e3 Qb6 5. Rb1 Bf5 6. Ngf3 Nbd7 7. Be2 e6 8. O-O h6 9. Bh4 Bd6 10. b4 Qc7 11. a3 Ne4 12. Nxe4 dxe4 13. Ne5 Nxe5 14. dxe5 Bxe5 15. Bg3 Rd8 16. Qc1 O-O 17. c4 Bg6 18. Rd1 Bxg3 19. hxg3 Qe5 20. Qc2 b6 21. c5 bxc5 22. Qxc5 Qxc5 23. bxc5 Rd5 24. Rdc1 Rfd8 25. Rb7 Rd2 26. Bf1 Ra2 27. Rxa7 Rdd2 28. a4 Rxf2 29. a5 Bh5 30. a6 Bf3 31. gxf3 exf3 32. Ra8+ Kh7 33. a7 Rh2 34. Rb8 Rag2+ 35. Bxg2 Rxg2+ 36. Kh1 1-0


[Site "https://www.chess.com"]

[Event "Titled Tuesday Blitz December 06 Late 2022"]
[White "Kim, Sergey"]
[Black "Ansh M Shah"]
[WhiteFideId "13700570"]
[BlackFideId "25033379"]
[WhiteElo "2574"]
[BlackElo "2084"]
[Result "1-0"]
[Round "10"]
[TimeControl "180+1"]
[Date "2022.12.07"]
[WhiteClock "0:00:10"]
[BlackClock "0:00:12"]

1. d4 Nf6 2. c4 e6 3. Nc3 d5 4. Nf3 Be7 5. Bf4 O-O 6. e3 c6 7. c5 Nbd7 8. h3 b6 9. b4 a5 10. a3 Ba6 11. Bxa6 Rxa6 12. O-O Qa8 13. Qb1 Rc8 14. Rc1 h6 15. b5 cxb5 16. Nxb5 Bd8 17. Nd6 Rc6 18. Ne5 Nxe5 19. dxe5 Nd7 20. cxb6 Raxb6 21. Qd3 Be7 22. Rxc6 Qxc6 23. Qd4 f6 24. exf6 Bxf6 25. Qd1 e5 26. Nf5 exf4 27. Rc1 Qe6 28. Qg4 Nf8 29. Rc8 fxe3 30. Nxh6+ Kh7 31. fxe3 Qxg4 32. Nxg4 Ne6 33. Ra8 Rb5 34. Ra7 Kg6 35. Kf2 Ng5 36. Ke2 Ne4 37. Kd3 Rb3+ 38. Ke2 Rxa3 39. Ra6 Ra2+ 40. Ke1 Rxg2 41. Ne5+ Kh7 42. Nf3 Rg3 43. Ke2 Rxh3 44. Rxa5 Rh2+ 45. Nxh2 Kg6 46. Kd3 Nd6 47. Rxd5 Nf5 48. Nf3 Ne7 49. Ra5 Nc6 50. Rb5 Na7 51. Rb6 Nc6 52. Rxc6 1-0


[Site "https://www.chess.com"]

[Event "Titled Tuesday Blitz December 06 Late 2022"]
[White "Korkmaz, Necmettin"]
[Black "Slovineanu"]
[WhiteFideId "6303285"]
[WhiteElo "2094"]
[BlackElo "2283"]
[Result "0-1"]
[Round "10"]
[TimeControl "180+1"]
[Date "2022.12.07"]
[WhiteClock "0:01:08"]
[BlackClock "0:02:07"]

1. e4 c6 2. d4 d5 3. e5 Bf5 4. Nf3 e6 5. Be2 Nd7 6. O-O a6 7. Nbd2 h6 8. Nb3 c5 9. dxc5 Bxc5 10. Nxc5 Nxc5 11. Nd4 Ne7 12. Nxf5 Nxf5 13. c4 dxc4 14. Bxc4 O-O 15. b3 b5 16. Be2 Qb6 17. Ba3 Rfd8 18. Qc1 Rac8 19. Qb2 b4 0-1


[Site "https://www.chess.com"]

[Event "Titled Tuesday Blitz December 06 Late 2022"]
[White "Korobov, Anton"]
[Black "Kamsky, Gata"]
[WhiteFideId "14105730"]
[BlackFideId "2000024"]
[WhiteElo "2635"]
[BlackElo "2666"]
[Result "0-1"]
[Round "10"]
[TimeControl "180+1"]
[Date "2022.12.06"]
[WhiteClock "0:00:17"]
[BlackClock "0:00:40"]

1. d4 f5 2. g3 Nf6 3. Bg2 g6 4. Nf3 Bg7 5. O-O d6 6. b3 O-O 7. Bb2 c6 8. Nbd2 a5 9. a3 Na6 10. c4 Ne4 11. e3 Nxd2 12. Qxd2 Qb6 13. Rfb1 Re8 14. d5 Bxb2 15. Rxb2 Nc5 16. Nd4 Bd7 17. Rbb1 cxd5 18. Bxd5+ e6 19. Bg2 e5 20. Nb5 Bxb5 21. cxb5 e4 22. Bf1 Rad8 23. Qd5+ Kg7 24. Rd1 Ne6 25. Rac1 Re7 26. a4 h5 27. h4 Kf6 28. Qd2 d5 29. b4 axb4 30. Qxb4 d4 31. a5 Qd6 32. Qb2 Qe5 33. a6 bxa6 34. bxa6 d3 35. Qb6 Rd6 36. Qb8 Rxa6 37. Qh8+ Rg7 38. Rc8 Qd6 39. Rb1 Ra7 40. Kg2 Rc7 41. Ra8 Rf7 42. Rba1 Rf8 43. Rxf8+ Qxf8 44. Qh6 Rd7 0-1


[Site "https://www.chess.com"]